 Dungeon Sprint DCSS version 0.27-a0-1119-gbf574a6a6b (webtiles) character file.

Game seed: 13681191648000845640

1531 mhtbhm the Arsonist (level 8, 0/41 HPs)
             Began as a Deep Elf Fire Elementalist on May 2, 2021.
             Was a Follower of Vehumet.
             Slain by a centaur warrior (6 damage)
             ... in the Dungeon (Sprint I: "Red Sonja").
             The game lasted 00:03:10 (1040 turns).

mhtbhm the Arsonist (Deep Elf Fire Elementalist)    Turns: 1040, Time: 00:03:10

Health: 0/41       AC:  2    Str:  5    XL:     8   Next: 55%
Magic:  12/26      EV: 15    Int: 23    God:    Vehumet [*.....]
Gold:   725        SH:  0    Dex: 15    Spells: 16/32 levels left

rFire    . . .     SeeInvis .   (no weapon)
rCold    . . .     Faith    .   (no shield)
rNeg     . . .     Spirit   .   a - +0 robe
rPois    .         Reflect  .   (no helmet)
rElec    .         Harm     .   (no cloak)
rCorr    .         Rampage  .   (no gloves)
Will     .....     NoTele   +   (no boots)
Stlth    +.........             (no amulet)
HPRegen  0.13/turn              (no ring)
MPRegen  0.20/turn              (no ring)

@: very slow
A: no striking features
a: Renounce Religion


You were in the Dungeon.
You worshipped Vehumet.
Vehumet was aware of your devotion.
You visited 1 branch You collected 725 gold pieces.

Inventory:

Missiles
 d - 5 curare-tipped darts
Armour
 a - a +0 robe (worn)
Wands
 b - a wand of polymorph (5)
Scrolls
 c - a scroll of silence {unknown}
 h - a scroll of blinking
 i - a scroll of fear {unknown}
Potions
 e - 2 potions of curing
 f - 2 potions of magic
 g - a potion of berserk rage
 j - a potion of attraction {unknown}


   Skills:
 + Level 7.6 Dodging
 - Level 3.2 Stealth
 + Level 12.6 Spellcasting
 + Level 8.3 Conjurations
 + Level 14.3 Fire Magic


You had 16 spell levels left.
You knew the following spells:

 Your Spells              Type           Power      Damage    Failure   Level
a - Foxfire               Conj/Fire      100%       2x1d9     1%          1
b - Conjure Flame         Conj/Fire      61%        6-21      1%          3
c - Inner Flame           Hex/Fire       47%        N/A       1%          3
d - Sticky Flame          Conj/Fire      61%        2d8       1%          4
e - Fireball              Conj/Fire      30%        3d13      1%          5

Your spell library contained the following spells:

 Spells                   Type           Power      Damage    Failure   Level
 Magic Dart               Conj           100%       1d8       1%          1


Dungeon Overview and Level Annotations

Branches:
Dungeon (1/1)

Altars:
Cheibriados
Dithmenos
Elyvilon
Fedhas
Gozag
Hepliaklqana
Kikubaaqudgha
Nemelex Xobeh
Okawaru
Qazlal
Ru
Sif Muna
Trog
Uskayaw
Vehumet
Wu Jian
Yredelemnul
Zin
The Shining One

Shops:
D (![


Message History

Confirm with . or Enter, or press ? or * to list all spells.
Aiming: Fireball (dangerous; 1% risk of failure)
Press: ? - help, Shift-Dir - straight line The fireball explodes!
The fireball engulfs the centaur warrior!!
The centaur warrior is moderately wounded.
The centaur warrior shouts!
You hear a shout!
The centaur warrior wields a +0 longbow.
The centaur warrior shoots an arrow.
The arrow hits you!
Unknown command.
Unknown command.
Casting: Fireball (dangerous; 1% risk of failure)
Confirm with . or Enter, or press ? or * to list all spells.
Aiming: Fireball (dangerous; 1% risk of failure)
Press: ? - help, Shift-Dir - straight line, f - centaur warrior
Aim: a centaur warrior, wielding a +0 longbow and quivering arrows (purple smoke, moderately wounded)
The fireball explodes!
The fireball engulfs the centaur warrior!!
The centaur warrior is severely wounded.
The fireball engulfs the centaur warrior!
The centaur warrior is severely wounded.
The centaur warrior wields a +0 shortbow.
The centaur warrior shoots an arrow.
The arrow hits you!!
* * * LOW HITPOINT WARNING * * *
Unknown command.
Unknown command.
Okay, then.
Casting: Fireball (dangerous; 1% risk of failure)
Confirm with . or Enter, or press ? or * to list all spells.
Aiming: Sticky Flame (safe; 1% risk of failure)
Press: ? - help, Shift-Dir - straight line, f/p - centaur warrior
Aim: a centaur warrior, wielding a +0 longbow and quivering arrows (purple smoke, severely wounded, 100% to hit)
The sticky flame hits the centaur warrior.
The centaur warrior is severely wounded.
The centaur warrior is covered in liquid flames!
The flames covering the centaur warrior go out.
The centaur warrior stops burning.
The centaur warrior unwields a +0 longbow.
The centaur warrior hits you.
You die...

###############
<.#..'..#..'..#
).)..#..)..#..+
..#####'#####'# ###
..####..#...#.####§§#
..#__####..##§#§§§§§#
..#_____##'#§.§§@cc
⌠⌠#_.∩...'..._#§§§.§#
###_..__##_.#'##+####
#_____###'#.#|..)###
###########.####'###)##
∩........'.).'.....'.∩#
##++++####...##########
###.### #.#'#.#


You could see 2 centaur warriors.

Vanquished Creatures
  Sonja (D)
  A deep troll (D)
  Sigmund (D)
  A yak (D)
  An ogre (D)
  A jelly (D)
  Ijyb (D)
7 creatures vanquished.

Vanquished Creatures (others)
  2 ballistomycete spores (D)
  22 foxfires (D)
24 creatures vanquished.

Grand Total: 31 creatures vanquished

Notes
Turn   | Place    | Note
-------+----------+-------------------------------------------
     0 | D        | mhtbhm the Deep Elf Fire Elementalist began the quest for
                  | the Orb.
     0 | D        | Reached XP level 1. HP: 10/10 MP: 6/6
     2 | D        | Noticed Ijyb
    16 | D        | Killed Ijyb
    17 | D        | Reached skill level 5 in Fire Magic
    17 | D        | Reached XP level 2. HP: 15/15 MP: 0/9
   117 | D        | Noticed an ogre
   126 | D        | Killed an ogre
   127 | D        | Reached skill level 8 in Fire Magic
   127 | D        | Reached XP level 3. HP: 19/19 MP: 5/12
   127 | D        | Reached XP level 4. HP: 24/24 MP: 5/14
   131 | D        | Learned a level 3 spell: Conjure Flame
   135 | D        | Learned a level 3 spell: Inner Flame
   140 | D        | Learned a level 4 spell: Sticky Flame
   301 | D        | Noticed Sigmund
   308 | D        | Killed Sigmund
   309 | D        | Reached skill level 5 in Dodging
   309 | D        | Reached skill level 10 in Fire Magic
   309 | D        | Reached XP level 5. HP: 21/28 MP: 9/18
   309 | D        | Reached XP level 6. HP: 24/32 MP: 9/19
   315 | D        | Learned a level 5 spell: Fireball
   479 | D        | Found an ornate altar of the Wu Jian Council.
   479 | D        | Found a shimmering blue altar of Sif Muna.
   482 | D        | Found a radiant altar of Vehumet.
   500 | D        | Became a worshipper of Vehumet
   592 | D        | Found Muzu's Distillery.
   592 | D        | Found an ancient bone altar of Kikubaaqudgha.
   592 | D        | Found a hazy altar of Hepliaklqana.
   592 | D        | Found a stormy altar of Qazlal.
   592 | D        | Found a hide-covered altar of Uskayaw.
   592 | D        | Found a blossoming altar of Fedhas.
   592 | D        | Found a bloodstained altar of Trog.
   592 | D        | Found an iron altar of Okawaru.
   592 | D        | Found a basalt altar of Yredelemnul.
   592 | D        | Found a glowing golden altar of the Shining One.
   592 | D        | Found a snail-covered altar of Cheibriados.
   592 | D        | Found a sacrificial altar of Ru.
   592 | D        | Found a glowing silver altar of Zin.
   592 | D        | Found a shadowy altar of Dithmenos.
   592 | D        | Found a white marble altar of Elyvilon.
   592 | D        | Noticed a yak
   598 | D        | Killed a yak
   599 | D        | Reached skill level 5 in Conjurations
   599 | D        | Reached skill level 11 in Fire Magic
   601 | D        | Found an opulent altar of Gozag.
   602 | D        | Found a sparkling altar of Nemelex Xobeh.
   691 | D        | Noticed Sonja
   693 | D        | Killed Sonja
   694 | D        | Reached skill level 13 in Fire Magic
   694 | D        | Reached XP level 7. HP: 36/36 MP: 10/24
   694 | D        | Reached XP level 8. HP: 41/41 MP: 10/25
   775 | D        | Found Cegeabli's Antique Weapon Boutique.
   861 | D        | Noticed a deep troll
   870 | D        | Killed a deep troll
   870 | D        | Reached * piety under Vehumet
   870 | D        | Offered knowledge of Magic Dart by Vehumet.
   871 | D        | Reached skill level 14 in Fire Magic
   977 | D        | Found Apti's Armour Emporium.
  1027 | D        | Noticed a centaur warrior
  1030 | D        | Noticed a centaur warrior
  1040 | D        | Slain by a centaur warrior

Illustrated notes

Levels and vault maps discovered:
D:        dungeon_sprint_1 [red_sonja_temple_1, red_sonja_temple_small_1]

Skill      XL: |  1  2  3  4  5  6  7  8 |
---------------+-------------------------+-----
Dodging        | 3 4 5 7 |  7.6
Stealth        | 3 |  3.2
Spellcasting   | 4 6 8 11 12 | 12.6
Fire Magic     | 5 8 10 13 14 | 14.3
Conjurations   | 2 3 7 8 |  8.3

Action                   |  1- 3 |  4- 6 |  7- 9 || total
-------------------------+-------+-------+-------++-------
Melee: Unarmed           |     1 |       |       ||     1
 Cast: Foxfire           |    12 |     4 |       ||    16
       Sticky Flame      |       |     4 |     2 ||     6
       Fireball          |       |     5 |     5 ||    10
  Use: Potion            |     3 |       |       ||     3
Dodge: Dodged            |     3 |     2 |     2 ||     7

Table legend: (Time is in decaauts)
 A = Elapsed time spent in this place.
 B = Non-inter-level travel time spent in this place.
 C = Inter-level travel time spent in this place.
 D = Time resting spent in this place.
 E = Time spent auto-exploring this place.
 F = Levels seen in this place.
 G = Mean time per level.
                   A        B        C        D        E       F      G
               +--------+--------+--------+--------+--------+-----+--------+
         Total |   1022 |   1022 |      0 |    697 |      0 |   1 | 1022.0 |
       Dungeon |   1022 |   1022 |      0 |    697 |      0 |   1 | 1022.0 |
               +--------+--------+--------+--------+--------+-----+--------+

Top non-repeatable levels by time:
       D: 1022 daAuts
